 Dungeon Crawl Stone Soup version 0.17.0-56-gd8de76c (webtiles) character file.

147 JokEr the Ruffian (level 5, -8/45 HPs)
             Began as a Ghoul Monk on Dec 6, 2015.
             Mangled by an orc warrior
             ... wielding a +0 broad axe
              (22 damage)
             ... on level 3 of the Dungeon.
             The game lasted 00:05:23 (2757 turns).

JokEr the Ruffian (Ghoul Monk)                      Turns: 2757, Time: 00:05:23

Health: -8/45      AC:  6    Str: 16    XL:     5   Next: 29%
Magic:  4/4        EV: 10    Int:  5    God:
Gold:   147        SH:  0    Dex: 11    Spells: 0 memorised, 4 levels left

rFire  . . .     SeeInvis .       - Unarmed
rCold  + . .     Clarity  .     n - +0 scale mail
rNeg   + + +     SustAt   .     (no shield)
rPois  ∞         Gourm    .     (no helmet)
rElec  .         Spirit   .     (no cloak)
rCorr  .         Warding  .     (no gloves)
rMut   .         Stasis   .     (no boots)
MR     .....                    (no amulet)
Stlth  ..........               (no ring)
                                (no ring)

@: rotting, not resistant to hostile enchantments, extremely unstealthy
A: rotting body, claws 1, carnivore 3, cold resistance 1, negative energy
resistance 3, slow regeneration 1, torment resistance, unbreathing
a: no special abilities


You were on level 3 of the Dungeon.
You were not hungry.

You visited 1 branch of the dungeon, and saw 3 of its levels.

You collected 147 gold pieces.

Inventory:

Armour
 a - a +0 robe
 n - a +0 scale mail (worn)
Wands
 m - a wand of polymorph (18)
Scrolls
 c - a scroll of amnesia
 e - 2 scrolls of remove curse
 f - 2 scrolls of recharging
 g - a scroll of enchant weapon
 l - a scroll of magic mapping
 o - a scroll of teleportation {unknown}
 q - a scroll of fear {unknown}
Potions
 d - 2 potions of curing
 h - a potion of brilliance
 i - a potion of might
 j - a potion of magic
 k - a potion of ambrosia
 p - a potion of agility {unknown}
Comestibles
 b - 2 meat rations


   Skills:
 - Level 3.2 Fighting
 - Level 2.6 Dodging
 - Level 2.1 Stealth
 + Level 7.0 Unarmed Combat


You had 4 spell levels left.
You didn't know any spells.

Dungeon Overview and Level Annotations

Branches:
Dungeon (3/15)

Altars:
Gozag


Innate Abilities, Weirdness & Mutations

Your body is rotting away.
You thrive on raw meat.
You are immune to poison.
You have sharp fingernails.
You are carnivorous and can eat meat at any time.
Your flesh is cold resistant.
You are immune to negative energy.
You regenerate slowly when monsters are visible.
You are immune to unholy pain and torment.
You can survive without breathing.


Message History

The orc wizard casts a spell.
The orc wizard seems to speed up.
Found a beef jerky and a meat ration.
The orc wizard gestures at you while chanting.
The magic dart hits you!
The orc wizard mumbles some strange words.
The orc wizard seems to speed up.
The orc wizard hits you but does no damage.
You scratch the orc wizard.
You kill the orc wizard!
Your Unarmed Combat skill increases to level 7!
The orc warrior hits you with a broad axe!
* * * LOW HITPOINT WARNING * * *
You feel better.
Found an amethyst potion.
You feel better. The orc warrior barely misses you.
You scratch the orc warrior.
The orc warrior is moderately wounded.
The orc warrior hits you with a broad axe!!
You die...

.... #.#........#<...
.#....>........#.......
........................
........................
..............:.# ...
..............).# ....
................# .....
..............)o##...)..
.......))......o@.......
........................
.#.....##...............
.###...########.........
.###.### ..........
...... .#.........
.##..## ##........!
.#..## .......... ......


You could see an orc warrior and an orc wizard.

Vanquished Creatures
  An orc wizard (D:3)
  4 adders (D:2)
  2 oozes (D:2)
  4 worms
  8 orcs (D:3)
  2 bats
  5 goblins
  7 hobgoblins
  8 jackals
  2 ball pythons
  3 giant cockroaches
  3 giant newts
  4 kobolds
  5 rats
58 creatures vanquished.

Notes
Turn   | Place    | Note
--------------------------------------------------------------
     0 | D:1      | JokEr the Ghoul Monk began the quest for the Orb.
     0 | D:1      | Reached XP level 1. HP: 19/19 MP: 0/0
    71 | D:1      | Reached XP level 2. HP: 19/26 MP: 1/1
   224 | D:1      | Reached skill level 5 in Unarmed Combat
  1010 | D:2      | Reached XP level 3. HP: 30/30 MP: 2/2
  1374 | D:2      | Reached skill level 6 in Unarmed Combat
  1374 | D:2      | Reached XP level 4. HP: 29/37 MP: 3/3
  2585 | D:3      | Found an opulent altar of Gozag.
  2657 | D:3      | Reached XP level 5. HP: 16/44 MP: 4/4
  2749 | D:3      | Noticed an orc warrior
  2753 | D:3      | Reached skill level 7 in Unarmed Combat
  2753 | D:3      | HP: 2/45 [orc warrior/broad axe (14)]
  2757 | D:3      | Mangled by an orc warrior

Action                   |  1- 3 |  4- 6 || total
-------------------------+-------+-------++-------
Melee: Unarmed           |    77 |    87 ||   164
  Use: Scroll            |     6 |     5 ||    11
       Potion            |       |     2 ||     2
 Stab: Sleeping          |     3 |     1 ||     4
  Eat: Chunk             |    16 |    10 ||    26
